AoeStats
← giannis

Oasis

508479302Analyzed
4v4 RM · 10d ago on Sep 22, 2026· 64m 27s· 8 players
Game mode
Random Map
Map size
Large (8 player)
Population
200
Speed
Normal
Resources
Standard
Victory
Conquest
Starting age
Dark Age
Ending age
Imperial Age
RankedLock teamsTeams togetherTeam positionsShared explorationLock speedFull tech treeHidden civsTurbo modeCheats
Victory
Defeat
🇮🇳 Spanish · India
886
+13
🇹🇼 Franks · Taiwan
848
+15
🇺🇾 Britons · Uruguay
814
+42
🇦🇷 Japanese · Argentina
671
+22
🇪🇸 Turks · Spain
880
-19
🇨🇭 Mapuche · Switzerland
824
-17
🇬🇷 Turks · Greece
808
-16
🇨🇭 Mongols · Switzerland
756
-14
giannis
11:39 Feudal Age
16:13 Castle Age
14:08 Double-Bit Axe
14:05 Horse Collar
23:52 Bow Saw
24:56 Fletching
25:07 Padded Archer Armor
26:22 Squires
27:29 Heavy Plow
27:58 Scale Mail Armor
32:05 Imperial Age
29:24 Town Watch
30:32 Wheelbarrow
29:42 Loom
30:18 Stone Mining
31:01 Bodkin Arrow
31:21 Leather Archer Armor
31:17 Forging
31:34 Scale Barding Armor
32:02 Chain Mail Armor
32:36 Elite Janissary
33:44 Bloodlines
34:44 Conscription
35:29 Ring Archer Armor
36:12 Two-Man Saw
34:58 Treadmill Crane
36:00 Ballistics
35:36 Murder Holes
36:11 Hand Cart
36:04 Husbandry
36:57 Iron Casting
36:49 Chain Barding Armor
36:30 Bracer
36:43 Artillery
37:23 Bracer
37:24 Heavy Camel Rider
38:06 Arrowslits
38:12 Guard Tower
39:06 Bombard Tower
38:57 Fortified Wall
39:34 Plate Barding Armor
40:37 Hoardings
41:13 Blast Furnace
43:09 Sipahi
42:19 Sappers
43:21 Plate Mail Armor
45:06 Gold Mining
52:34 Town Patrol
53:19 Town Patrol
Mangosaftbirne
11:55 Feudal Age
16:53 Castle Age
15:59 Double-Bit Axe
24:06 Wheelbarrow
23:22 Loom
26:19 Fletching
32:11 Imperial Age
31:36 Bodkin Arrow
34:42 Onager
34:56 Elite Kona
36:28 Horse Collar
36:58 Bow Saw
37:06 Butalmapu
37:22 Heavy Plow
38:32 Malon
40:05 Crop Rotation
40:39 Forging
42:43 Chemistry
42:03 Ballistics
42:00 Champi Runner
42:46 Scale Mail Armor
43:22 Iron Casting
42:44 Champi Warrior
43:55 Siege Engineers
44:12 Chain Mail Armor
44:15 Elite Champi Warrior
46:15 Hand Cart
DavinHo_Abascal_
11:06 Feudal Age
11:50 Gold Mining
12:00 Stone Mining
19:38 Castle Age
20:29 Double-Bit Axe
22:21 Gold Shaft Mining
25:27 Horse Collar
28:53 Heavy Plow
29:19 Bow Saw
29:05 Loom
29:13 Fletching
29:45 Padded Archer Armor
29:46 Scale Mail Armor
30:06 Caravan
30:40 Bodkin Arrow
31:01 Leather Archer Armor
31:07 Forging
32:32 Wheelbarrow
34:29 Hand Cart
39:05 Imperial Age
37:46 Chain Mail Armor
38:06 Iron Casting
37:38 Scale Barding Armor
37:59 Ballistics
38:04 Murder Holes
38:23 Fortified Wall
41:56 Elite Janissary
42:38 Artillery
58:22 Two-Man Saw
CadLu
10:07 Feudal Age
17:13 Castle Age
18:31 Double-Bit Axe
25:23 Horse Collar
28:30 Heavy Plow
29:24 Fletching
31:09 Husbandry
31:22 Bloodlines
32:21 Bow Saw
32:12 Pikeman
33:30 Ballistics
33:08 Bodkin Arrow
34:18 Padded Archer Armor
34:57 Forging
34:53 Scale Barding Armor
35:56 Leather Archer Armor
44:15 Iron Casting
43:41 Scale Mail Armor
Nahue
1:59 Loom
10:47 Feudal Age
14:19 Double-Bit Axe
20:07 Castle Age
18:20 Horse Collar
20:57 Stone Mining
24:12 Heavy Plow
24:24 Bow Saw
24:45 Gold Mining
27:43 Gold Shaft Mining
33:43 Imperial Age
33:07 Wheelbarrow
32:05 Elite Skirmisher
32:07 Pikeman
33:38 Thumb Ring
33:37 Padded Archer Armor
33:28 Fletching
33:48 Forging
33:44 Scale Barding Armor
33:48 Gambesons
34:03 Squires
37:34 Hand Cart
38:24 Two-Man Saw
37:47 Halberdier
39:01 Bodkin Arrow
39:42 Iron Casting
43:04 Blast Furnace
42:20 Leather Archer Armor
42:05 Bracer
44:04 Caravan
44:14 Scale Mail Armor
48:15 Chemistry
47:35 Ballistics
47:50 Parthian Tactics
48:53 Elite Samurai
49:56 Kataparuto
51:20 Conscription
51:30 Cavalier
52:10 Husbandry
52:21 Bloodlines
63:58 Capped Ram
vgutierrez
12:14 Feudal Age
13:34 Double-Bit Axe
13:33 Horse Collar
15:11 Gold Mining
16:44 Wheelbarrow
15:41 Man-at-Arms
21:07 Castle Age
20:22 Stone Mining
21:43 Forging
21:48 Heavy Plow
22:00 Bow Saw
24:28 Gold Shaft Mining
27:35 Padded Archer Armor
30:13 Hand Cart
30:24 Leather Archer Armor
30:00 Fletching
34:29 Imperial Age
31:28 Pikeman
35:37 Iron Casting
37:07 Elite Longbowman
37:42 Halberdier
39:24 Bodkin Arrow
39:30 Scale Mail Armor
42:02 Blast Furnace
41:18 Chain Mail Armor
41:04 Bracer
47:57 Plate Mail Armor
47:58 Ring Archer Armor
acqq331
10:49 Feudal Age
14:17 Loom
17:36 Castle Age
16:10 Double-Bit Axe
18:38 Bow Saw
20:09 Wheelbarrow
19:27 Stone Mining
20:25 Gold Mining
26:34 Husbandry
27:35 Hand Cart
27:25 Town Watch
29:59 Scale Barding Armor
30:04 Forging
31:24 Chain Barding Armor
30:55 Ordonnance Companies
34:17 Imperial Age
33:08 Town Patrol
33:47 Iron Casting
34:16 Gold Shaft Mining
35:28 Conscription
35:10 Chivalry
37:07 Plate Barding Armor
37:33 Blast Furnace
35:55 Cavalier
37:05 Paladin
38:10 Caravan
38:21 Light Cavalry
39:43 Ballistics
39:05 Treadmill Crane
40:28 Chemistry
61:05 Siege Engineers
61:11 Masonry
61:01 Murder Holes
shinychrome
8:31 Loom
11:13 Feudal Age
15:55 Castle Age
14:31 Double-Bit Axe
21:59 Horse Collar
22:33 Bow Saw
24:48 Wheelbarrow
26:16 Heavy Plow
27:02 Hand Cart
31:47 Imperial Age
29:14 Gold Mining
29:14 Stone Mining
30:51 Thumb Ring
30:07 Elite Skirmisher
32:55 Conscription
33:20 Husbandry
33:30 Bloodlines
32:41 Light Cavalry
34:32 Chemistry
38:55 Town Watch
39:19 Hussar
49:40 Two-Man Saw
48:45 Town Patrol
51:58 Hussar
52:59 Pikeman
53:40 Squires
53:26 Arson
60:18 Halberdier
62:54 Fletching
63:14 Forging
63:05 Padded Archer Armor
63:05 Scale Mail Armor
Connection lost

Rejoining the realm…

Still unreachable

The connection could not be restored.

Session expired

The server has moved on; the page needs a fresh start.